 Dungeon Crawl Stone Soup version 0.17-a0-1421-g95311d7 (console) character file.

132 Fusha the Chucker (level 5, -1/30 HPs)
             Began as a Tengu Arcane Marksman on June 24, 2015.
             Was a Follower of Elyvilon.
             Killed from afar by an orc wizard (12 damage)
             ... with a magic dart
             ... on level 3 of the Dungeon.
             The game lasted 00:18:41 (4697 turns).

Fusha the Chucker (Tengu Arcane Marksman)           Turns: 4697, Time: 00:18:42

Health: -1/30      AC:  2    Str: 12    XL:     5   Next: 15%
Magic:  6/7        EV: 13    Int: 14    God:    Elyvilon [*.....]
Gold:   124        SH:  0    Dex: 13    Spells: 2 memorised, 3 levels left

rFire  + . .     SeeInvis .     a - +0 morningstar
rCold  + . .     Clarity  .     g - +0 robe (curse)
rNeg   . . .     SustAt   .     (no shield)
rPois  +         Gourm    .     (helmet restricted)
rElec  +         Spirit   .     (no cloak)
rCorr  +         Warding  .     (no gloves)
rMut   .         Stasis   .     (boots unavailable)
MR     .....                    (no amulet)
Stlth  ++........               (no ring)
                                (no ring)

@: resistant, not resistant to hostile enchantments, unstealthy
A: beak, talons 3, able to fly 1
a: Fly, Lesser Healing, Divine Protection, Renounce Religion


You were on level 3 of the Dungeon.
You worshipped Elyvilon.
Elyvilon was aware of your devotion.
You were not hungry.

You visited 1 branch of the dungeon, and saw 3 of its levels.

You collected 124 gold pieces.

Inventory:

Hand weapons
 a - a +0 morningstar (weapon)
 b - a +0 hunting sling
 m - a +0 mace
Missiles
 f - 3 throwing nets (quivered)
 h - 99 stones
 l - 5 javelins
Armour
 c - a +0 robe
 g - a cursed +0 robe (worn)
Scrolls
 i - 3 scrolls of fog {unknown}
 j - a scroll of remove curse
 k - a scroll of fear
 q - a scroll of blinking {unknown}
Books
 d - a book of Debilitation

   Spells                             Type                      Level
   a - Corona                         Hexes                        1
   b - Slow                           Hexes                        2
   c - Gell's Gravitas                Hexes/Translocation          3
   d - Inner Flame                    Hexes/Fire                   3
   e - Cause Fear                     Hexes                        4
   f - Leda's Liquefaction            Hexes/Earth                  4
Comestibles
 e - 2 bread rations


   Skills:
 + Level 1.9 Fighting
 * Level 4.0 Throwing
 * Level 3.3 Dodging
 + Level 1.6 Stealth
 - Level 1.0 Spellcasting
 + Level 2.3 Hexes
 + Level 0.1 Invocations


You had 3 spell levels left.
You knew the following spells:

 Your Spells              Type           Power        Failure   Level  Hunger
a - Corona                Hex            #......      12%         1    ##.....
b - Slow                  Hex            #.......     17%         2    ###....


Dungeon Overview and Level Annotations

Branches:
Dungeon (3/15)

Altars:
Elyvilon
Fedhas


Innate Abilities, Weirdness & Mutations

You have a beak for a mouth.
You have claws for feet.
You can fly.


Message History

The orc wizard hits you but does no damage.
The orc wizard barely misses you.
Read which item? (? for menu, Esc to quit)
Okay, then.
Firing (i - inventory. (,) - cycle):
h - 100 stones (quivered)
Press: ? - help, Shift-Dir - straight line, f/p - orc
Aim: an orc, wielding a flail (severely wounded)
You shoot a stone.
The stone closely misses the orc wizard.
The stone hits the orc!
You kill the orc!
The orc wizard misses you.
a - a +0 morningstar (weapon)
The orc wizard hits you with a dagger.
You closely miss the orc wizard. You peck the orc wizard.
The orc wizard is heavily wounded.
The orc wizard hits you with a dagger.
The orc wizard points at you and mumbles some strange words.
The magic dart hits you!
You die...

o.............................
###.#.......[.....#'#.#########
#.#.###..#####.#.............
#.#.# ##.# #.#....#########
#.#.# #.# #.#....'.......
#o#.####.#####.#....###########
#.#....(......(+....'..........
#.#..####.####o#....###########
#......##.## #@###### #
..#......##..# #.# #
..#......###.###'###### #
.........# #..........# #
#.##.....# #..........# #
.........# ##.........# #
.........####.........#
.........'............#
.........###).........##########


You could see an orc wizard.

Vanquished Creatures
  Ijyb (D:2)
  5 worms
  5 giant geckos
  6 orcs (D:3)
  A ball python (D:2)
  16 bats
  A giant cockroach (D:3)
  8 hobgoblins
  7 kobolds
  5 giant newts
  9 goblins
  7 jackals (D:2)
  6 rats
77 creatures vanquished.

Notes
Turn   | Place    | Note
--------------------------------------------------------------
     0 | D:1      | Fusha the Tengu Arcane Marksman began the quest for the Orb.
     0 | D:1      | Reached XP level 1. HP: 12/12 MP: 3/3
   472 | D:1      | Reached XP level 2. HP: 16/16 MP: 4/4
  1519 | D:2      | Reached skill level 3 in Throwing
  1519 | D:2      | Reached XP level 3. HP: 20/20 MP: 5/5
  1945 | D:2      | Found a white marble altar of Elyvilon.
  2217 | D:2      | Became a worshipper of Elyvilon the Healer
  2293 | D:2      | Found a blossoming altar of Fedhas.
  2718 | D:2      | Reached XP level 4. HP: 25/25 MP: 6/6
  3113 | D:2      | Reached skill level 1 in Stealth
  3201 | D:2      | Found a faded altar to an unknown god.
  3746 | D:3      | Learned a level 2 spell: Slow
  3904 | D:3      | Acquired Elyvilon's first power
  3907 | D:3      | Noticed Ijyb
  4344 | D:2      | Killed Ijyb
  4344 | D:2      | Reached skill level 4 in Throwing
  4344 | D:2      | Gained mutation: You can fly. [Tengu growth]
  4344 | D:2      | Reached XP level 5. HP: 13/30 MP: 7/7
  4697 | D:3      | Killed from afar by an orc wizard

Vault maps used:
D:1:      dpeg_arrival_concentric_ovals, kennysheep_boxes
D:2:      fedhas_altar_2, lemuel_doored_altar, ecumenical_altar_2
D:3:      uniq_iyjb

Action                   |  1- 3 |  4- 6 || total
-------------------------+-------+-------++-------
Melee: Club              |    76 |       ||    76
       Unarmed           |     5 |       ||     5
       Mace              |    52 |    81 ||   133
       Morningstar       |       |     4 ||     4
 Fire: Hunting sling     |       |    36 ||    36
Throw: Stone             |   112 |    61 ||   173
       Javelin           |     5 |     6 ||    11
       Throwing net      |     1 |     3 ||     4
Invok: Lesser Healing    |       |     1 ||     1
  Use: Scroll            |     5 |       ||     5
       Potion            |       |     4 ||     4
 Stab: Sleeping          |     1 |     2 ||     3
       Held in net/web   |     1 |     2 ||     3
  Eat: Pizza             |     1 |       ||     1
       Meat ration       |     1 |     1 ||     2
       Fruit             |       |     5 ||     5
